 Dungeon Crawl Stone Soup version 0.28.0-53-g5a82cb258f (webtiles) character file.

Game seed: 12803423580018436202

644 101zpm the Magician (level 7, 0/45 HPs)
             Began as a Djinni Fire Elementalist on May 23, 2022.
             Killed by divine providence
             ... invoked by an orc priest
              (12 damage)
             ... on level 5 of the Dungeon on May 24, 2022.
             The game lasted 00:05:47 (5972 turns).

101zpm the Magician (Djinni Fire Elementalist)      Turns: 5972, Time: 00:05:48

Health: 0/45       AC:  6    Str:  7    XL:     7   Next: 82%
Gold:   187        EV: 12    Int: 19    God:
                   SH:  0    Dex: 13

rFire   + + .      SeeInvis .   (no weapon)
rCold   x . .      Faith    .   (no shield)
rNeg    . . .      Spirit   .   a - +0 robe
rPois   ∞          Reflect  .   l - +3 helmet of the Earth {Rampage}
rElec   .          Harm     .   (no cloak)
rCorr   .          Rampage  +   (no gloves)
Will    .....                   (boots unavailable)
Stlth   ++........              (no amulet)
HPRegen 0.15/turn               j - ring of wizardry
MPRegen 0.00/turn               (no ring)

@: flying
A: sickness immunity, fire resistance 2, cold vulnerability 1, float, innate
caster, HP casting, extra vitality 1
a: no special abilities


You were on level 5 of the Dungeon.
You visited 1 branch of the dungeon, and saw 5 of its levels.

You collected 187 gold pieces.

Inventory:

Armour
 a - a +0 robe (worn)
 l - the +3 helmet of the Earth (worn) {Rampage}
   (You took it off Robin on level 3 of the Dungeon)

   Rampage:   It bestows one free step when moving towards enemies.
Jewellery
 j - a ring of wizardry (left hand)
Wands
 h - a wand of flame (27)
Scrolls
 b - 2 scrolls of identify {unknown}
 c - a scroll of noise {unknown}
 e - 3 scrolls of enchant armour {unknown}
 g - a scroll of enchant weapon {unknown}
 i - a scroll of vulnerability {unknown}
 k - a scroll of acquirement {unknown}
Potions
 d - 2 potions of haste {unknown}
 f - a potion of might {unknown}
 m - 2 potions of mutation {unknown}


   Skills:
 + Level 2.4 Dodging
 + Level 2.6 Stealth
 + Level 6.2 Spellcasting


You couldn't memorise any spells.
You knew the following spells:

 Your Spells              Type           Power      Damage    Failure   Level
a - Foxfire               Conj/Fire      100%       2x1d9     1%          1
b - Scorch                Fire           58%        2d8       1%          2
c - Conjure Flame         Conj/Fire      29%        6-21      1%          3
d - Inner Flame           Hex/Fire       29%        N/A       1%          3
e - Flame Wave            Conj/Fire      29%        2d8       3%          4
f - Animate Skeleton      Necr           58%        N/A       1%          1
g - Ensorcelled Hibernat  Hex/Ice        58%        N/A       1%          2
h - Stone Arrow           Conj/Erth      58%        3d10      1%          3
Your spell library was empty.

Dungeon Overview and Level Annotations

Branches:
Dungeon (5/15)
 Temple: D:4-7

Altars:


Innate Abilities, Weirdness & Mutations

You are immune to sickness and miasma.
You are immune to poison.
Your flesh is very heat resistant. (rF++)
You are vulnerable to cold. (rC-)
You float through the air rather than walking.
You learn spells naturally, not from books.
Your magical power is your life essence.
You have superior vitality. (+4 MHP)


Message History

The centaur is heavily wounded.
The centaur wields a +0 shortbow.
The centaur shoots an arrow.
The arrow hits you!
Casting: Inner Flame (safe; 1% risk of failure)
Confirm with . or Enter, or press ? or * to list all spells.
Aiming: Inner Flame (safe; 1% risk of failure)
Press: ? - help, Dir - move target, f/p - centaur
Aim: a centaur, wielding a +0 shortbow, wearing a ring of flight and quivering arrows (heavily wounded, chance to affect: 83%)
The centaur is filled with an inner flame.
The centaur shoots an arrow.
The arrow hits you!
You are too injured to fight recklessly!
You are too injured to fight recklessly!
Casting: Foxfire (safe; 1% risk of failure)
Press: ? - help, Q - select action, (/) - cycle Dir - look around, f - activate You conjure some foxfire!
The centaur shoots an arrow.
The arrow hits you.
Casting: Foxfire (safe; 1% risk of failure)
Press: ? - help, Q - select action, (/) - cycle Dir - look around, f - activate You conjure some foxfire!
The foxfire hits the centaur!
Flame seeps out of the centaur.
The centaur is almost dead.
The foxfire hits the centaur but does no damage.
The centaur is almost dead.
The centaur is engulfed in blazing flames.
The centaur explodes!
The fiery explosion engulfs your foxfire.
Your foxfire completely resists.
You hear a shout!
Your foxfire dissipates! x2
An orc priest comes into view. It is wielding a +0 short sword.
Casting: Foxfire (safe; 1% risk of failure)
Confirm with . or Enter, or press ? or * to list all spells.
Aiming: Inner Flame (safe; 1% risk of failure)
Press: ? - help, Dir - move target, f - orc priest
Aim: an orc priest, wielding a +0 short sword (chance to affect: 83%)
The orc priest is filled with an inner flame.
* * * LOW HITPOINT WARNING * * *
The orc priest mumbles some strange prayers to Beogh against you.
Beogh smites you!
You die...

#.. .# #.. .#
#.. .# # #..
.###. #.. .)..
#.. ..#
#####..#..#
#)))...@..#
#o###☼○.......#
#)###.###.# #§
.# . # .. ##


You could see an orc priest (inner flame).

Vanquished Creatures
  A steam dragon (D:4)
  A centaur (D:5)
  2 scorpions (D:4)
  A hound (D:4)
  2 orc wizards (D:5)
  An iguana (D:4)
  Robin (D:3)
  5 gnolls
  4 adders
  An adder skeleton (D:4)
  5 worms
  5 dart slugs
  4 orcs
  5 endoplasms
  5 giant cockroaches
  7 hobgoblins
  3 jackals (D:1)
  3 kobolds
  A quokka (D:1)
  7 ball pythons
  4 bats
  7 frilled lizards
  16 goblins
  2 rats
93 creatures vanquished.

Vanquished Creatures (others)
  383 foxfires
383 creatures vanquished.

Grand Total: 476 creatures vanquished

Notes
Turn   | Place    | Note
-------+----------+-------------------------------------------
     0 | D:1      | 101zpm the Djinni Fire Elementalist began the quest for the
                  | Orb.
     0 | D:1      | Reached XP level 1. HP: 15/15 MP: 0/0
   265 | D:1      | Reached XP level 2. HP: 17/21 MP: 0/0
   675 | D:1      | Reached skill level 3 in Spellcasting
   675 | D:1      | Reached XP level 3. HP: 21/25 MP: 0/0
   675 | D:1      | Learned a level 1 spell: Animate Skeleton
  2213 | D:2      | Reached XP level 4. HP: 22/31 MP: 0/0
  3768 | D:3      | Reached XP level 5. HP: 19/35 MP: 0/0
  3768 | D:3      | Learned a level 2 spell: Ensorcelled Hibernation
  4006 | D:3      | Reached skill level 4 in Spellcasting
  4375 | D:3      | Identified the +3 helmet of the Earth {Rampage}
  4375 | D:3      | Noticed Robin
  4379 | D:3      | Killed Robin
  4807 | D:4      | Reached XP level 6. HP: 24/40 MP: 0/0
  4821 | D:4      | Noticed a steam dragon
  4826 | D:4      | Killed a steam dragon
  4827 | D:4      | Reached skill level 5 in Spellcasting
  4827 | D:4      | Reached XP level 7. HP: 14/45 MP: 0/0
  4827 | D:4      | Learned a level 3 spell: Stone Arrow
  5934 | D:5      | Entered Level 5 of the Dungeon
  5941 | D:5      | Reached skill level 6 in Spellcasting
  5972 | D:5      | Killed from afar by an orc priest

Illustrated notes

Levels and vault maps discovered:
D:1:      psy_arrival_heroes, layout_basic
D:2:      layout_basic
D:3:      layout_rooms, roderic_lattice_a, uniq_robin
D:4:      layout_basic, serial_curves, eino_curves_03, eino_curves_01
D:5:      gammafunk_wand_slinger, layout_loops_ring

Skill      XL: |  1  2  3  4  5  6  7 |
---------------+----------------------+-----
Spellcasting   | 3 4 5 6 |  6.2
Stealth        | 2 |  2.6
Dodging        | |  2.4

Action                   |  1- 3 |  4- 6 |  7- 9 || total
-------------------------+-------+-------+-------++-------
 Cast: Foxfire           |    93 |   108 |    42 ||   243
       Scorch            |     5 |    27 |     5 ||    37
       Inner Flame       |       |     5 |     6 ||    11
Armor: Robe              |       |     1 |       ||     1
Dodge: Dodged            |     2 |       |       ||     2
